 Dungeon Crawl Stone Soup version 0.21-a0-91-ga5031da (webtiles) character file.

1050 Kidiri the Magician (level 8, 0/39 HPs)
             Began as a Deep Elf Fire Elementalist on June 30, 2017.
             Slain by an ogre
             ... wielding a cursed -2 giant club
              (29 damage)
             ... on level 5 of the Dungeon.
             The game lasted 00:21:59 (6152 turns).

Kidiri the Magician (Deep Elf Fire Elementalist)    Turns: 6152, Time: 00:21:59

Health: 0/39       AC:  5    Str:  3    XL:     8   Next: 5%
Magic:  3/21       EV: 14    Int: 23    God:
Gold:   166        SH:  0    Dex: 17    Spells: 4/22 levels left

rFire    . . .     SeeInvis .   f - +0 dagger
rCold    . . .     Gourm    .   (no shield)
rNeg     + . .     Faith    .   h - +1 robe {rN+}
rPois    .         Spirit   .   e - +0 helmet
rElec    .         Reflect  .   i - +0 cloak
rCorr    .         Harm     .   (no gloves)
MR       .....                  (no boots)
Stlth    +++.......             (no amulet)
HPRegen  0.13/turn              (no ring)
MPRegen  0.17/turn              (no ring)

@: no status effects
A: thin skeletal structure 1, frail 1, weak 1
a: no special abilities


You were on level 5 of the Dungeon.
You were not hungry.

You visited 2 branches of the dungeon, and saw 6 of its levels.

You collected 166 gold pieces.

Inventory:

Hand Weapons
 f - a +0 dagger (weapon)
Armour
 e - a +0 helmet (worn)
 h - a +1 robe of positive energy (worn)
 i - a +0 cloak (worn)
 n - a +0 buckler
Scrolls
 j - a scroll of fog
 m - a scroll of immolation
 p - 2 scrolls of blinking
 q - 4 scrolls of amnesia
Potions
 a - a potion of resistance
 d - 2 potions of degeneration {unknown}
 k - a potion of flight
 l - 2 potions of brilliance
 o - 2 potions of might
 s - a potion of cancellation
Books
 b - a book of Flames

   Spells                             Type                      Level
   a - Flame Tongue                   Conjuration/Fire             1
   b - Throw Flame                    Conjuration/Fire             2
   c - Conjure Flame                  Conjuration/Fire             3
   d - Inner Flame                    Hexes/Fire                   3
   e - Sticky Flame                   Conjuration/Fire             4
   f - Fireball                       Conjuration/Fire             5
Comestibles
 c - 5 bread rations
 r - 2 meat rations


   Skills:
 + Level 1.8 Fighting
 + Level 1.8 Short Blades
 + Level 1.7 Armour
 + Level 4.0 Dodging
 - Level 2.4 Stealth
 + Level 1.7 Shields
 * Level 7.7 Spellcasting
 + Level 4.1 Conjurations
 + Level 5.0 Fire Magic


You had 4 spell levels left.
You knew the following spells:

 Your Spells              Type           Power        Failure   Level  Hunger
a - Flame Tongue          Conj/Fire      ####.        1%          1    None
b - Throw Flame           Conj/Fire      ####..       1%          2    None
c - Conjure Flame         Conj/Fire      ####....     3%          3    None
d - Inner Flame           Hex/Fire       ###.....     8%          3    None
e - Sticky Flame          Conj/Fire      ####....     11%         4    ###....
f - Fireball              Conj/Fire      ####......   30%         5    #####..


Dungeon Overview and Level Annotations

Branches:
Dungeon (5/15)             Temple (1/1) D:5

Altars:
Ashenzari
Elyvilon
Fedhas
Gozag
Hepliaklqana
Kikubaaqudgha
Makhleb
Nemelex Xobeh
Okawaru
Qazlal
Ru
Sif Muna
Trog
Uskayaw
Xom
Yredelemnul
Zin

Shops:
D:4 *(


Innate Abilities, Weirdness & Mutations

You have a somewhat thin skeletal structure. (Dex +2, Stealth)
You are frail. (-10% HP)
You are weak. (Str -2)


Message History

The ogre shouts!
You see here a leather armour.
Casting: Throw Flame
Confirm with . or Enter, or press ? or * to list all spells.
Aiming: Flame Tongue
Press: ? - help, Shift-Dir - straight line, f/p - ogre
Aim: an ogre, wielding a giant club (moderately wounded)
The flame tongue hits the ogre.
The ogre is heavily wounded.
Casting: Flame Tongue
Confirm with . or Enter, or press ? or * to list all spells.
Aiming: Sticky Flame
Press: ? - help, Shift-Dir - straight line, f/p - ogre
Aim: an ogre, wielding a giant club (heavily wounded)
The sticky flame hits the ogre.
The ogre is almost dead.
The ogre is covered in liquid flames!
The ogre burns!
The ogre hits you with a giant club!!
Ouch! That really hurt!
You die...

#.. #.. .. # .. ### #.#. #.
... . ...#. .... ....#.)###
.....#.........O@.#
...............##.###
......#........ #...##
..........(.... ###..#
.....#......... ##.#######
...............# #.......#
......[.........## #.......#
####...<.........# #....>..#
###............#.###...#####


You could see an ogre (burning).

Vanquished Creatures
  The ghost of oki the Twirler, a novice OpGl of Okawaru (D:5)
  An ogre (D:4)
  A centaur (D:5)
  A scorpion (D:5)
  2 vampire bats (D:4)
  An orc priest (D:3)
  A centaur skeleton (D:5)
  An iguana (D:5)
  An orc wizard (D:5)
  Natasha (thrice) (D:4)
  3 worker ants (D:4)
  Robin (D:3)
  4 gnolls
  3 adders
  2 shadow imps (D:5)
  An adder skeleton (D:4)
  3 worms
  3 dart slugs
  3 leopard geckos
  14 orcs
  4 giant cockroaches
  11 goblins
  13 hobgoblins
  3 jackals (D:3)
  2 quokkas
  2 ball pythons
  A ball python skeleton (D:4)
  18 bats
  5 frilled lizards
  A jackal skeleton (D:4)
  7 kobolds
  A quokka zombie (D:5)
  11 rats
129 creatures vanquished.

Vanquished Creatures (others)
  A bat (D:1)
1 creature vanquished.

Grand Total: 130 creatures vanquished

Notes
Turn   | Place    | Note
-------+----------+-------------------------------------------
     0 | D:1      | Kidiri the Deep Elf Fire Elementalist began the quest for the Orb.
     0 | D:1      | Reached XP level 1. HP: 10/10 MP: 6/6
   196 | D:1      | Reached XP level 2. HP: 16/16 MP: 1/8
   200 | D:1      | Learned a level 2 spell: Throw Flame
   940 | D:2      | Gained mutation: You are weak. (Str -2) [potion of mutation]
   940 | D:2      | Gained mutation: You are frail. (-10% HP) [potion of mutation]
   940 | D:2      | Gained mutation: You have a somewhat thin skeletal structure. (Dex +2, Stealth) [potion of mutation]
  1126 | D:2      | Reached XP level 3. HP: 18/18 MP: 7/10
  1131 | D:2      | Learned a level 3 spell: Conjure Flame
  1135 | D:2      | Learned a level 3 spell: Inner Flame
  1209 | D:2      | Reached skill level 4 in Spellcasting
  2291 | D:3      | Reached XP level 4. HP: 21/21 MP: 9/12
  2294 | D:3      | Noticed Robin
  2371 | D:2      | HP: 1/21 [poisoned by a kobold]
  2656 | D:3      | Killed Robin
  2661 | D:3      | Reached skill level 5 in Spellcasting
  2702 | D:3      | Learned a level 4 spell: Sticky Flame
  3488 | D:3      | Reached XP level 5. HP: 22/25 MP: 3/15
  3814 | D:4      | Found Zin's Purification Station.
  3817 | D:4      | Found a glowing silver altar of Zin.
  3830 | D:4      | Noticed Natasha
  3834 | D:4      | Killed Natasha
  3846 | D:4      | Reached skill level 6 in Spellcasting
  4005 | D:4      | Noticed Natasha
  4013 | D:5      | Entered Level 5 of the Dungeon
  4235 | D:4      | Reached XP level 6. HP: 20/29 MP: 11/17
  4242 | D:4      | Learned a level 5 spell: Fireball
  4433 | D:4      | Killed Natasha
  4454 | D:4      | Found a hazy altar of Hepliaklqana.
  4482 | D:4      | Found a white marble altar of Elyvilon.
  4791 | D:4      | Found Liocseq's Antique Weapon Boutique.
  4896 | D:4      | Found a sparkling altar of Nemelex Xobeh.
  4912 | D:4      | Found a basalt altar of Yredelemnul.
  4947 | D:4      | Reached skill level 1 in Fighting
  5104 | D:4      | Reached skill level 1 in Short Blades
  5351 | D:4      | Reached XP level 7. HP: 34/34 MP: 16/19
  5372 | D:4      | Noticed Natasha
  5376 | D:4      | Killed Natasha
  5376 | D:4      | Reached skill level 7 in Spellcasting
  5413 | D:4      | Reached skill level 1 in Armour
  5480 | D:5      | Found a staircase to the Ecumenical Temple.
  5489 | D:5      | Noticed oki's ghost (novice OpGl)
  5494 | Temple   | Entered the Ecumenical Temple
  5733 | D:5      | Reached skill level 1 in Shields
  6113 | D:5      | Killed oki's ghost
  6113 | D:5      | Reached skill level 5 in Fire Magic
  6113 | D:5      | Reached XP level 8. HP: 24/39 MP: 8/21
  6152 | D:5      | Slain by an ogre

Vault maps used:
D:1:      saegor_arrival_miasma, serial_bayou, serial_bayou_shore_b,
          serial_bayou_shore_b, serial_bayou_shore_b, minmay_liquid_box
D:2:      serial_forest, infiniplex_forest_clump_tiny,
          infiniplex_forest_lined_corner, infiniplex_forest_lined_room_2,
          infiniplex_forest_side_room, infiniplex_forest_clump_small,
          infiniplex_forest_clump_long, infiniplex_forest_diagonal,
          infiniplex_forest_pool, infiniplex_forest_end_3
D:3:      st_stairs_6, uniq_robin
D:4:      old_standard_altar, zin_purify, grunt_temple_overflow_open,
          serial_shops, shop, roderic_batcave, minmay_stone_trees_medium,
          serial_park_tiny_2, elyvilon_altar_5, uniq_natasha
D:5:      minmay_temple_entry_statues_pillars, first_bread
Temple:   minmay_temple_bridge_abc

Skill      XL: |  1  2  3  4  5  6  7 |
---------------+----------------------+-----
Spellcasting   | 4 5 6 7 |  7.7
Conjurations   | 2 3 4 |  4.1
Fire Magic     | 4 5 |  5.0
Dodging        | 3 4 |  4.0
Fighting       | 1 |  1.8
Short Blades   | 1 |  1.8
Armour         | 1 |  1.7
Shields        | 1 |  1.7
Stealth        | |  2.4

Action                   |  1- 3 |  4- 6 |  7- 9 || total
-------------------------+-------+-------+-------++-------
Melee: Unarmed           |    15 |    12 |       ||    27
       Dagger            |       |    17 |     5 ||    22
 Cast: Flame Tongue      |    84 |   116 |    35 ||   235
       Throw Flame       |     3 |    12 |     6 ||    21
       Conjure Flame     |       |     7 |     1 ||     8
       Inner Flame       |       |     2 |     1 ||     3
       Sticky Flame      |       |     7 |     4 ||    11
  Use: Scroll            |    15 |     5 |     2 ||    22
       Potion            |     2 |     1 |       ||     3
 Stab: Sleeping          |       |     1 |       ||     1
  Eat: Chunk             |     4 |     8 |     3 ||    15
       Fruit             |       |     3 |       ||     3
Armor: Robe              |     7 |    36 |     4 ||    47
       Skin              |     3 |       |       ||     3
Dodge: Dodged            |    18 |    93 |    20 ||   131
